AoeStats
← Navix de los Bosques de Lituania

Arabia

504648198Analyzed
3v3 RM · 26d ago on Sep 6, 2026· 54m 16s· 6 players
Game mode
Random Map
Map size
Normal (6 player)
Population
200
Speed
Normal
Resources
Standard
Victory
Conquest
Starting age
Dark Age
Ending age
Imperial Age
RankedLock teamsTeams togetherTeam positionsShared explorationLock speedFull tech treeHidden civsTurbo modeCheats
Victory
Defeat
🇨🇴 Persians · Colombia
730
+17
713
+18
🇦🇺 Bohemians · Australia
673
+20
🇺🇸 Georgians · United States
783
-19
🇺🇸 Celts · United States
742
-18
🇧🇴 Teutons · Bolivia
738
-18
natepc123
2:31 Loom
10:47 Feudal Age
11:32 Double-Bit Axe
11:30 Horse Collar
18:00 Castle Age
16:10 Stone Mining
17:40 Wheelbarrow
17:10 Gold Mining
18:55 Bow Saw
19:03 Heavy Plow
nathanst1996
1:03 Loom
4:49 Loom
10:36 Feudal Age
14:50 Man-at-Arms
16:30 Forging
16:20 Scale Mail Armor
davidbanegasr
10:28 Feudal Age
11:50 Wheelbarrow
11:02 Double-Bit Axe
11:04 Horse Collar
15:22 Loom
Navix de los Bosques de Lituania
4:20 Loom
11:29 Feudal Age
11:43 Man-at-Arms
12:09 Arson
13:24 Long Swordsman
14:07 Scale Mail Armor
14:18 Forging
39:04 Castle Age
38:27 Double-Bit Axe
39:03 Gold Mining
39:31 Horse Collar
40:25 Bow Saw
41:37 Chain Mail Armor
41:57 Iron Casting
41:10 Two-Handed Swordsman
41:52 Squires
41:47 Gambesons
43:09 Wheelbarrow
49:13 Champion
Derzer
9:38 Feudal Age
11:45 Man-at-Arms
14:28 Arson
15:53 Scale Mail Armor
23:27 Bloodlines
23:26 Scale Barding Armor
24:01 Double-Bit Axe
23:59 Horse Collar
31:14 Castle Age
35:18 Loom
42:43 Light Cavalry
43:19 Gold Mining
44:40 Bow Saw
47:01 Forging
47:07 Heavy Plow
48:23 Caravan
49:34 Chain Barding Armor
50:50 Wheelbarrow
51:54 Gold Shaft Mining
51:14 Stone Mining
52:36 Iron Casting
52:05 Husbandry
56:36 Imperial Age
THENEYK
10:43 Feudal Age
16:07 Castle Age
19:35 Town Watch
35:48 Wagenburg Tactics
38:32 Double-Bit Axe
46:35 Imperial Age
46:02 Loom
46:53 Wheelbarrow
46:43 Ballistics
46:38 Spies/Treason
49:24 Siphons
52:35 Hand Cart
Connection lost

Rejoining the realm…

Still unreachable

The connection could not be restored.

Session expired

The server has moved on; the page needs a fresh start.